Unix NetHack Version 5.0.0-0 post-release - last build May  4 2026 22:22:43 (774f63e81ad911689b3a0859ea89b322d5daca8d,branch:main).

Game began 2026-05-10 05:20:37, ended 2026-05-10 06:08:31.

Galadhan1, lawful female human Valkyrie

                                                        ------------
 ------        -----                                    |..........|
 |....|        |..`.# ################@d################...........|
 |....|        |...|#                                   |..........|
 |.....########|...|##                                  |..........|
 |....|       #---|- ##               ------------- ####...........|
 ---.--       ######`#################............| #   --------.---
    #             #   ###           # |...........-##
    #   ######    #  ###              ............|
  ###        ##   #                   ----------.--
  #          -|---.-
  #          |.....|    .
  #         #......|
 -.----     #|.....|
 |....|     #......|
 |.....######-------
 |..<.|
 |....|
 ------

Galadhan1 the Skirmisher    St:17 Dx:14 Co:14 In:9 Wi:13 Ch:8  Lawful
Dlvl:3  $:40 HP:0(26) Pw:8(8) AC:6  Xp:3 T:1258 

Latest messages:
 What do you want to zap? [jt or ?*] <esc>
 Never mind.
 What do you want to zap? [jt or ?*] *
 In what direction? h
 The magic missile hits it!
 You swap places with your kitten.
 You swap places with your kitten.
 What do you want to zap? [jt or ?*] *
 Nothing happens.
 What do you want to drink? [i or ?*] <esc>
 Never mind.
 What do you want to ready? [$b or ?*] b
 That is your alternate weapon.  Ready it instead? [ynq] (q) y
 b - a +0 dagger (at the ready).
 In what direction? h
 The dagger hits it.
 You kill the floating eye!
 There is a floating eye corpse here; eat it? [ynq] (n) y
 This floating eye corpse is tough.
 You hear some noises.
 You finish eating the floating eye corpse.
 You feel a strange mental acuity.
 b - a +0 dagger (at the ready).
 You swap places with your kitten.
 You kill the homunculus!
 The grid bug just misses!
 You miss the grid bug.
 The grid bug bites!
 You get zapped!
 You kill the grid bug!
 The little dog bites!
 The little dog bites!
 You miss the little dog.
 The little dog bites!
 You hit the little dog.
 The little dog just misses!
 The little dog bites!
 The little dog bites!
 You miss the little dog.
 The little dog bites!
 You stop.  Your kitten is in the way!
 The little dog misses!
 You miss the little dog.
 The little dog bites!
 You die...
 Do you want your possessions identified? [ynq] (y) y
 Do you want to see your attributes? [ynq] (y) y
 Do you want an account of creatures vanquished? [ynaq] (y) n
 Do you want to see your conduct and achievements? [ynq] (y) n
 Do you want to see the dungeon overview? [ynq] (y) n

Inventory:
 Coins    ('$')
  $ - 40 gold pieces
 Weapons  (')')
  b - a +0 dagger (at the ready)
  a - a +1 spear (weapon in right hand)
 Armor    ('[')
  f - a blessed +1 shield of reflection (being worn)
  o - an uncursed +0 alchemy smock with text "I'm making SCIENCE!" (being worn)
 Comestibles  ('%')
  d - 2 uncursed food rations
  p - an uncursed tripe ration
 Scrolls  ('?')
  g - an uncursed scroll of light
 Spellbooks  ('+')
  k - an uncursed spellbook of turn undead
 Potions  ('!')
  i - an uncursed potion of speed
 Wands    ('/')
  j - a wand of magic missile named magic missile (0:0)
  t - a wand of teleportation (0:4)
 Tools    ('(')
  e - an uncursed oil lamp

Galadhan1 the Valkyrie's attributes:

Background:
 You were a Skirmisher, a level 3 human Valkyrie.
 You were lawful, on a mission for Tyr
 who was opposed by Odin (neutral) and Loki (chaotic).
 You were right-handed.
 You were in the Dungeons of Doom, on level 3.
 You entered the dungeon 1258 turns ago.
 You had 67 experience points, 13 more were needed to attain level 4.

Basics:
 You had 0 out of 26 hit points.
 You had all 8 energy points (spell power).
 Your armor class was 6.
 Your wallet contained 40 zorkmids.
 Autopickup was off.

Final Characteristics:
 Your strength was 17 (limit:18/100).
 Your dexterity was 14 (limit:18).
 Your constitution was 14 (limit:18).
 Your intelligence was 9 (limit:18).
 Your wisdom was 13 (limit:18).
 Your charisma was 8 (limit:18).

Final Status:
 You weren't hungry.
 You were unencumbered.
 You were wielding a spear.
 You had basic skill with spear.

Final Attributes:
 You were devoutly aligned.
 You were cold resistant.
 You were poison resistant.
 You were acid resistant.
 Your items were protected from acid.
 You were telepathic.
 You were stealthy.
 You were warded.
 You had reflection.
 You are dead.

Miscellaneous:
 You didn't encounter any bones levels.
 Total elapsed playing time was 47 minutes and 21 seconds.

Major events:
 Turn
    1: Galadhan1 the lawful human Valkyrie entered the dungeon
  865: attained the rank of Skirmisher (level 3)
 1258: killed by a little dog

You didn't know any spells.

Skills:
 Fighting Skills
   bare handed combat [Unskilled]
   two weapon combat  [Unskilled]
   riding             [Unskilled]
 Weapon Skills
   dagger             [Basic]
   axe                [Unskilled]
   pick-axe           [Unskilled]
   short sword        [Unskilled]
   broadsword         [Unskilled]
   long sword         [Unskilled]
   two-handed sword   [Unskilled]
   saber              [Unskilled]
   hammer             [Unskilled]
   quarterstaff       [Unskilled]
   polearms           [Unskilled]
   spear              [Basic]
   trident            [Unskilled]
   lance              [Unskilled]
   sling              [Unskilled]
 Spellcasting Skills
   attack spells      [Unskilled]
   escape spells      [Unskilled]

Voluntary challenges:
 Character rerolling was not enabled.
 You never genocided any monsters.
 You never polymorphed an object.
 You never changed form.
 You used no wishes.
Achievement:
 You attained the rank of Skirmisher.

 The Dungeons of Doom: levels 1 to 3
    Level 1:
       A fountain, a sink.
    Level 2:
       An altar to Tyr, many fountains.
    Level 3: <- You were here.
       Final resting place for
          you, killed by a little dog.


Vanquished creatures:
  a floating eye
  a homunculus
  2 acid blobs
  a coyote
  2 large kobolds
  a brown mold
  4 jackals
  a fox
  3 sewer rats
  7 grid bugs
  4 lichens
  3 kobold zombies
  3 newts
33 creatures vanquished.

No species were genocided or became extinct.

Game over:
                       ----------
                      /          \
                     /    REST    \
                    /      IN      \
                   /     PEACE      \
                  /                  \
                  |    Galadhan1     |
                  |      40 Au       |
                  |   killed by a    |
                  |    little dog    |
                  |                  |
                  |                  |
                  |       2026       |
                 *|     *  *  *      | *
        _________)/\\_//(\/(/\)/\//\/|_)_______

Farvel Galadhan1 the Valkyrie...

You died in The Dungeons of Doom on dungeon level 3 with 414 points,
and 40 pieces of gold, after 1258 moves.
You were level 3 with a maximum of 26 hit points when you died.

